 Dungeon Crawl Stone Soup version 0.29.1-12-g30fa7ad0bf (webtiles) character file.

Game seed: 16584342047372415070

32 xian the Digger (level 3, 0/27 HPs)
             Began as a Draconian Earth Elementalist on Jan 6, 2023.
             Killed from afar by Jessica (14 damage)
             ... with a bolt of light
             ... on level 2 of the Dungeon.
             The game lasted 00:02:15 (1252 turns).

xian the Digger (Draconian Earth Elementalist)      Turns: 1252, Time: 00:02:16

Health: 0/27       AC:  5    Str: 10    XL:     3   Next: 10%
Magic:  1/6        EV: 12    Int: 17    God:
Gold:   84         SH:  0    Dex: 11    Spells: 5/6 levels left

rFire   . . .      SeeInvis .   d - +0 short sword
rCold   . . .      Faith    .   (no shield)
rNeg    . . .      Spirit   .   (body armour unavailable)
rPois   .          Reflect  .   (helmet restricted)
rElec   .          Harm     .   (no cloak)
rCorr   .          Rampage  .   (no gloves)
Will    .....                   (no boots)
Stlth   +.........              c - amulet of the acrobat
HPRegen 0.09/turn               (no ring)
MPRegen 0.10/turn               (no ring)

@: confused, slowed, very slow
A: AC +5, unfitting armour, cold-blooded
a: no special abilities


You were on level 2 of the Dungeon.
You visited 1 branch of the dungeon, and saw 2 of its levels.

You collected 84 gold pieces.

Inventory:

Hand Weapons
 d - a +0 short sword (weapon)
Missiles
 n - 3 poisoned darts
Magical Staves
 j - a staff of death
Jewellery
 c - an amulet of the acrobat (around neck)
Scrolls
 b - a scroll of magic mapping {unknown}
 e - 2 scrolls of butterflies {unknown}
 f - a scroll of torment {unknown}
 g - 2 scrolls of identify {unknown}
 i - a scroll of amnesia {unknown}
 m - a scroll of teleportation {unknown}
Potions
 a - a potion of magic
 h - a potion of curing
 k - a potion of berserk rage {unknown}
 l - a potion of lignification {unknown}
 o - a potion of brilliance {unknown}


   Skills:
 + Level 0.3 Fighting
 + Level 1.8 Dodging
 + Level 1.8 Stealth
 + Level 0.1 Unarmed Combat
 + Level 2.4 Spellcasting
 + Level 1.0 Transmutations
 + Level 3.8 Earth Magic


You had 5 spell levels left.
You knew the following spells:

 Your Spells              Type           Power      Damage    Failure   Level
a - Sandblast             Erth           30%        2d9       3%          1

Your spell library contained the following spells:

 Spells                   Type           Power      Damage    Failure   Level
 Passwall                 Tmut/Erth      8%         N/A       11%         2
 Stone Arrow              Conj/Erth      16%        3d8       26%         3
 Gell's Gravitas          Tloc           2%         N/A       50%         3
 Teleport Other           Tloc           2%         N/A       50%         3
 Petrify                  Tmut/Erth      10%        N/A       56%         4
 Dispersal                Tloc           1%         N/A       100%        6


Dungeon Overview and Level Annotations

Branches:
Dungeon (2/15)

Altars:

Annotations:
D:2 Jessica


Innate Abilities, Weirdness & Mutations

Your plain brown scales are hard. (AC +5)
You cannot fit into any form of body armour.
You are cold-blooded and may be slowed by cold attacks.


Message History

Jessica the Apprentice Sorceress comes into view.
She is wielding a +0 dagger and carrying a wand of light (11).
Jessica gestures wildly while chanting.
Jessica blinks!
You can't see any susceptible monsters within range! (Use Z to cast anyway.)
You can't see any susceptible monsters within range! (Use Z to cast anyway.)
You can't see any susceptible monsters within range! (Use Z to cast anyway.)
The blast of sand hits Jessica!
Jessica is almost dead.
Jessica mumbles some strange words.
Jessica blinks!
You can't see any susceptible monsters within range! (Use Z to cast anyway.)
You can't see any susceptible monsters within range! (Use Z to cast anyway.)
You can't see any susceptible monsters within range! (Use Z to cast anyway.)
A bat comes into view.
The blast of sand hits the bat.
You kill the bat!
Jessica gestures wildly while chanting.
Jessica seems to speed up.
You can't see any susceptible monsters within range! (Use Z to cast anyway.)
You can't see any susceptible monsters within range! (Use Z to cast anyway.) Jessica casts a spell.
Jessica blinks!
Jessica drinks a potion.
Jessica is healed!
The blast of sand hits Jessica but does no damage.
Jessica zaps a wand.
The bolt of light hits you.
A kobold comes into view. It is wielding a +0 dagger.
Jessica hits you but does no damage.
The blast of sand misses Jessica.
Jessica misses you. Jessica hits you but does no damage.
The blast of sand hits Jessica.
Jessica is heavily wounded.
Jessica hits you with a +0 dagger. x2
The blast of sand hits Jessica.
Jessica is almost dead.
Jessica hits you with a +0 dagger. Jessica casts a spell at you.
You feel yourself slow down. The kobold barely misses you.
Jessica zaps a wand.
The bolt of light hits you!
You are confused.
Ouch! That really hurt!
You die...

#.... ####.#. #
..... .. ....# ...
#..†# .... #..
#.#.# .....
#.######.#.#...#
#.#.......@K...#
#.#.##.#.#.@......
#.#.#..#.#.......#
#.#....#.#.#######
#.#....#.#..
#######......#.##.
...........#.#.#
.#
##########.#.#.#
.# .# #


You could see Jessica (fast) and a kobold.

Vanquished Creatures
  A dart slug (D:1)
  2 ball pythons (D:1)
  3 bats
  2 endoplasms
  2 giant cockroaches (D:1)
  A goblin (D:1)
  3 hobgoblins
  2 jackals (D:1)
  2 quokkas (D:1)
  7 kobolds (D:1)
  3 rats (D:1)
28 creatures vanquished.

Notes
Turn   | Place    | Note
-------+----------+-------------------------------------------
     0 | D:1      | xian the Draconian Earth Elementalist began the quest for
                  | the Orb.
     0 | D:1      | Reached XP level 1. HP: 14/14 MP: 3/3
   170 | D:1      | Reached XP level 2. HP: 2/20 MP: 0/5
   589 | D:1      | Found a faded altar of an unknown god.
   967 | D:1      | Reached XP level 3. HP: 27/27 MP: 4/6
  1238 | D:2      | Noticed Jessica
  1252 | D:2      | Killed from afar by Jessica

Illustrated notes

Levels and vault maps discovered:
D:1:      dpeg_arrival_arbitrary_c, layout_rooms,
          chequers_ecumenical_altar_island
D:2:      layout_basic, basic_altar, uniq_crazy_yiuf_cottage, uniq_jessica

Action                   || total
-------------------------++-------
Melee: Unarmed           ||    13
       Tailslap          ||     1
       Short sword       ||     1
 Cast: Sandblast         ||    38
Armor: Skin              ||    11
Dodge: Dodged            ||    13
